 Dungeon Crawl Stone Soup version 0.31-a0-354-g827e0957a7 (webtiles) character file.

Game seed: 12553380851707587244

77 MacCMillion the Ruffian (level 4, -1/32 HPs)
             Began as a Merfolk Shapeshifter on July 24, 2023.
             Constricted to death by Ijyb (7 damage)
             ... on level 3 of the Dungeon.
             The game lasted 00:01:45 (1581 turns).

MacCMillion the Ruffian (Merfolk Shapeshifter)      Turns: 1581, Time: 00:01:45

Health: -1/32      AC:  2    Str: 17    XL:     4   Next: 34%
Magic:  4/4        EV:  9    Int:  7    God:
Gold:   49         SH:  0    Dex: 14    Spells: 3/3 levels left

rFire   . .          .
                       - Unarmed
rCold   . . .        (no shield)
rNeg    . . .        a - +0 animal skin
rPois   .            (helmet currently unavailable)
rElec   .            (cloak currently unavailable)
rCorr   .            (gloves currently unavailable)
SInv    .            (boots currently unavailable)
Will    +....        (no amulet)
Stlth   +            j - ring of willpower
HPRegen 0.25/turn    (no ring)
MPRegen 0.09/turn

%: no passive effects
@: beast-form, grasped by roots, constricted
A: beast (slay +3), (nimble swimmer 2), mertail
a: Begin Untransformation


You were on level 3 of the Dungeon.
You were a hulking beast.
You visited 1 branch of the dungeon, and saw 3 of its levels.

You collected 49 gold pieces.

Inventory:

Armour
 a - a +0 animal skin (worn)
 l - the +4 pair of boots of Wasted Space {Str+3 Dex+3}
   (You found it on level 2 of the Dungeon)

   Str:       It affects your strength (+3).
   Dex:       It affects your dexterity (+3).
Jewellery
 j - a ring of willpower (left hand)
Talismans
 c - a beast talisman
Scrolls
 d - a scroll of enchant armour {unknown}
 e - 2 scrolls of brand weapon {unknown}
 g - 3 scrolls of immolation {unknown}
 h - 5 scrolls of teleportation {unknown}
 i - a scroll of noise {unknown}
 k - a scroll of enchant weapon {unknown}
 m - a scroll of identify {unknown}
Potions
 b - a potion of lignification
 f - a potion of curing


   Skills:
 - Level 1.1 Fighting
 - Level 2.6 Dodging
 + Level 5.3 Unarmed Combat
 - Level 4.3 Shapeshifting


You had 3 spell levels left.
You didn't know any spells.
Your spell library was empty.

Dungeon Overview and Level Annotations

Branches:
Dungeon (3/15)

Altars:

Annotations:
D:3 Ijyb


Innate Abilities, Weirdness & Mutations

You are a hulking beast.
Your limbs bulge with bestial killing power. (Slay +3)
((You are very nimble when in or above water. (Stealth+, EV+, Speed+++)))
Your lower body shifts to a powerful aquatic tail in water.


Message History

No target in view!
No target in view!
h - 5 scrolls labelled GEEBOX TANKI (gained 1)
You now have 49 gold pieces (gained 11).
A kobold comes into view. It is wielding a +0 short sword.
A kobold is nearby!
A kobold is nearby!
The kobold shouts!
The kobold hits you with a +0 short sword.
You barely miss the kobold. You barely miss the kobold.
The kobold hits you with a +0 short sword.
You miss the kobold. The kobold barely misses you.
You punch the kobold!
You kill the kobold!
No target in view!
No target in view!
Ijyb the Twisted Goblin comes into view.
She is wielding a +0 club and carrying a wand of roots.
Ijyb is nearby!
Ijyb is nearby!
Ijyb zaps a wand.
The roots erupt in riotous growth!
The grasping roots grab you! The grasping roots constrict you.
You hear an angry hiss. x2
Things that are here:
a +0 short sword; a kobold corpse The roots grasp on you weakens, but your attempt to escape fails.
The grasping roots constrict you.
You hit Ijyb.
Ijyb is moderately wounded.
Ijyb hits you with a +0 club. The grasping roots constrict you.
* * * LOW HITPOINT WARNING * * *
You are too injured to fight recklessly!
You are too injured to fight recklessly!
You hit Ijyb but do no damage.
Ijyb is moderately wounded.
Ijyb hits you with a +0 club.
* * * LOW HITPOINT WARNING * * *
The grasping roots constrict you!
You die...

... ... ... #.#
.# ##.## #....
... ...#..
####g###.....#
#...h........#
#............#
#.............
#.............
#...........#
#....../....#
+...........#
####...........#
#.......########


You could see Ijyb.

Vanquished Creatures
  3 adders (D:2)
  A worm (D:2)
  5 ball pythons
  6 endoplasms
  5 goblins
  6 hobgoblins
  6 jackals (D:1)
  A quokka (D:1)
  A bat (D:1)
  A frilled lizard (D:1)
  4 kobolds
  3 rats (D:1)
42 creatures vanquished.

Notes
Turn   | Place    | Note
-------+----------+-------------------------------------------
     0 | D:1      | MacCMillion the Merfolk Shapeshifter began the quest for
                  | the Orb.
     0 | D:1      | Reached XP level 1. HP: 15/15 MP: 1/1
   250 | D:1      | Reached XP level 2. HP: 21/21 MP: 2/2
   465 | D:1      | Reached skill level 4 in Unarmed Combat
   507 | D:1      | Reached XP level 3. HP: 22/26 MP: 3/3
  1103 | D:2      | Reached skill level 5 in Unarmed Combat
  1103 | D:2      | Reached XP level 4. HP: 32/32 MP: 4/4
  1218 | D:2      | Identified the +4 pair of boots of Wasted Space {Str+3
                  | Dex+3}
  1577 | D:3      | Noticed Ijyb
  1581 | D:3      | Constricted to death by Ijyb

Illustrated notes

Levels and vault maps discovered:
D:1:      dpeg_arrival_stone_temple_mockup, layout_basic
D:2:      layout_basic
D:3:      layout_basic, mainiacjoe_overflow_surrounded_room,
          minmay_misc_feat_encased, minmay_misc_feat_five, uniq_ijyb

Skill      XL: |  1  2  3 |
---------------+----------+-----
Unarmed Combat | 4 5 |  5.3
Fighting       | |  1.1
Dodging        | |  2.6
Shapeshifting  | |  4.3

Action                     |  1- 3 |  4- 6 || total
---------------------------+-------+-------++-------
  Melee: Unarmed           |    77 |    32 ||   109
         Punch             |     2 |       ||     2
    Use: Potion            |     3 |       ||     3
   Stab: Sleeping          |     1 |       ||     1
 Armour: Animal skin       |     7 |     4 ||    11
  Dodge: Dodged            |    32 |    19 ||    51

Table legend: (Time is in decaauts)
 A = Elapsed time spent in this place.
 B = Non-inter-level travel time spent in this place.
 C = Inter-level travel time spent in this place.
 D = Time resting spent in this place.
 E = Time spent auto-exploring this place.
 F = Levels seen in this place.
 G = Mean time per level.
                   A        B        C        D        E       F      G
               +--------+--------+--------+--------+--------+-----+--------+
         Total |   1570 |   1556 |     14 |     46 |   1267 |   3 |  523.3 |
       Dungeon |   1570 |   1556 |     14 |     46 |   1267 |   3 |  523.3 |
               +--------+--------+--------+--------+--------+-----+--------+

Top non-repeatable levels by time:
     D:1: 856 daAuts
     D:2: 685 daAuts
     D:3: 28 daAuts
